Unix xNetHack Version 8.0.0 - last build Jan 15 2024 03:47:00 (be4d3c81716514284228e1a23197c27ddb32b841). Game began 2024-02-27 14:59:25, ended 2024-02-27 16:16:45. HungryMotu, chaotic male human Rogue --------- ------- --------.|..--.-----------..--.| ----------|............@........-|.......| --..|..(...|....--------.h...#....|.......| |...|._....-..).|...|..|........{....-|...-- ..|....~.|....-...|..|..-.--.....#..|....| --.--------....----|..|.....|........|.....- . |........(..)......|-|-..|.[|-|--...----.|..- -. |-.-------------|---.....-|-|...|)..|..|.--.--.- |..|(.(|...|..|.............|...|...-..|.......--- ---..|.(%-...|).|...{..------||...|...-----....<...- --....|.((|...-|--......|(..|..|--.|........--............| |...|.-----....)........-.(.|..|/.)|........|-........----- --...|....)....-|---|--..|.(.|--|*.?|..----- |........-- ---...-..--|---+-|..|...|..-----..|*..|..|...| -.......- ---........|...| |..|...|.........--|--..-...| |........ |..........|...| |..|...|................|...| -..--...... |........|.|---- -------|................|---- .-- ........ -----...---- ---.|.------------ -.| --..--..| --.-- ----- --- --- --- --- HungryMotu the Rogue St:16 Dx:18 Co:11 In:12 Wi:11 Ch:10 Chaotic S:2282 Dlvl:6 $:0 HP:0(45) Pw:28(28) AC:3 Xp:6/439 T:3460 Fly Latest messages: The 1st dagger hits the jaguar. The 2nd dagger hits the jaguar. The jaguar misses! The jaguar claws you! The jaguar bites! In what direction? You kill the jaguar! b - 4 uncursed daggers (at the ready) {40} (7 in total). You have a little trouble lifting a jaguar corpse. Continue? [ynq] (q) J - a jaguar corpse {600}. You rebalance your load. Movement is difficult. You see here an uncursed dagger. b - an uncursed dagger (at the ready) {10} (8 in total). Where do you want to travel to? (For instructions type a '?') You experience a sense of peace. # What do you want to sacrifice? [J or ?*] Your sacrifice is consumed in a burst of flame! You have a hopeful feeling. Your movements are now unencumbered. You see here a mithril lock pick. The housecat picks up a crossbow. You hear Izchak cursing shoplifters. You see here a looking glass. The housecat drops a crossbow. You see here a looking glass. You hear crashing rock. You swap places with your housecat. The dwarf lord wields a mithril broad pick! You miss the dwarf lord. You miss the dwarf lord. The dwarf lord swings his mithril broad pick. The dwarf lord hits you! The dwarf lord swings his mithril broad pick. Your hard hat blocks the dwarf lord's attack. You miss the dwarf lord. You slash the dwarf lord! You gash the dwarf lord! You hack the dwarf lord. The dwarf lord swings his mithril broad pick. The dwarf lord bashes you! The dwarf lord swings his mithril broad pick. The dwarf lord pounds you! You die... Do you want your possessions identified? [ynq] (y) Do you want to see your attributes? [ynq] (y) Do you want an account of creatures vanquished? [ynaq] (y) Do you want to see your conduct and achievements? [ynq] (y) Do you want to see the dungeon overview? [ynq] (y) Inventory: Inventory: 721/725 weight (20/52 slots) Amulets E - an uncursed gold amulet of flying (being worn) {34} Weapons b - 8 +0 daggers (at the ready) {80} T - a +0 two-handed sword (weapon in hands) {150} Armor v - an uncursed +0 dwarvish helm (being worn) {30} p - an uncursed +0 pair of cloth jumping boots (being worn) {10} i - an uncursed burnt +0 elven cloak (being worn) {8} x - an uncursed +0 mithril dwarvish ring mail (being worn) {113} Comestibles q - an uncursed food ration {20} P - 2 uncursed food rations {40} A - 2 uncursed melons {10} B - 2 uncursed pears {4} m - an uncursed tripe ration {10} Rings s - an uncursed ring of levitation {3} Wands t - a wand of digging (0:6) {7} V - a wand of speed monster (0:6) {7} Tools f - an uncursed sack containing 7 items {177} c - an uncursed blindfold {2} e - an uncursed lock pick {4} C - a blessed wax candle {2} Gems/Stones D - an uncursed touchstone {10} Contents of the sack: 246 gold pieces an uncursed potion of acid a cursed potion of healing an uncursed potion of levitation an uncursed potion of object detection a blessed potion of sickness 3 uncursed potions of water HungryMotu the Rogue's attributes: Background: You were a Rogue, level 6 male human. You were chaotic, on a mission for Kos who was opposed by Issek (lawful) and Mog (neutral). You were heterosexual. You were in the Gnomish Mines, on level 6. You entered the dungeon 3460 turns ago. You had 439 experience points, 201 more were needed to attain level 7. Your score was 2282 before end-of-game adjustments. Basics: You had 0 out of 45 hit points. You had all 28 energy points (spell power). Your armor class was 3. Your wallet was empty, but you had 246 zorkmids stashed away in your pack. Autopickup was off. Final Characteristics: Your strength was 16 (limit:18/100). Your dexterity was 18 (limit:18). Your constitution was 11 (limit:18). Your intelligence was 12 (limit:18). Your wisdom was 11 (limit:18). Your charisma was 10 (limit:18). Final Status: You were flying. You were not hungry. You were unencumbered. You were wielding a two-handed sword. You had basic skill with two-handed sword. Final Attributes: You were piously aligned. You were telepathic. You were stealthy. You could jump. You were guarded. You were very fast. You were lucky. You are dead. Miscellaneous: You never encountered a bones level. Total elapsed playing time was 1 hour, 17 minutes and 17 seconds. Major events: Turn 1: HungryMotu the chaotic male human Rogue entered the dungeon 1017: entered the Gnomish Mines 1163: attained the rank of Cutpurse (level 3) 1790: reached Mine Town 2776: attained the rank of Rogue (level 6) 3460: killed by a dwarf lord Vanquished creatures: a small mimic a lizard a housecat a jaguar a wood nymph a yellow light 5 gnome leaders a floating eye 8 dwarves a homunculus a monkey 4 hobbits 31 gnomes a gnome zombie a gecko 3 jackals 5 grid bugs 2 lichens 7 newts 76 creatures vanquished. No species were genocided or became extinct. Voluntary challenges: You read items or engraved 5 times. You never genocided any monsters. You never polymorphed an object. You never changed form. You never touched an artifact. You used no wishes. You never scared an enemy with impunity. You were celibate. You never generated conflict. Achievements: You entered a shop. You entered the Gnomish Mines. You attained the rank of Cutpurse. You entered Minetown. You entered a temple. You attained the rank of Rogue. Dungeon overview: The Dungeons of Doom: levels 1 to 3 Level 1: A tree. Level 2: A general store, a tree. Stairs down to The Gnomish Mines. Level 3: The Gnomish Mines: levels 3 to 6 Level 3: Level 4: Level 5: Level 6: <- You were here. Many shops, a temple to Kos, some fountains, some trees. Final resting place for you, killed by a dwarf lord. Game over: __________ / \ / REST \ / IN \ / PEACE \ / \ | HungryMotu | | 246 Au | | killed by a | | dwarf lord | | | | | | 2024 | *| * * * | * _________)/\\_//(\/(/\)/\//\/|_)_______ Goodbye HungryMotu the Rogue... You died in The Gnomish Mines on dungeon level 6 with 2258 points, and 246 pieces of gold, after 3460 moves. You were level 6 with a maximum of 45 hit points when you died.